 Dungeon Crawl Stone Soup version 0.17.1-3-g152610e (webtiles) character file.

359 Mechanique the Magician (level 6, -3/41 HPs)
             Began as a Mummy Wizard on Mar 17, 2016.
             Slain by a giant frog zombie (5 damage)
             ... on level 5 of the Dungeon.
             The game lasted 00:26:49 (6908 turns).

Mechanique the Magician (Mummy Wizard)              Turns: 6908, Time: 00:26:49

Health: -3/41      AC:  5    Str: 15    XL:     6   Next: 37%
Magic:  11/12      EV: 12    Int: 19    God:
Gold:   158        SH:  0    Dex: 10    Spells: 3 memorised, 8 levels left

rFire  x . .     SeeInvis .     w - +1 mace of Zin's Indignation {speed, Str+4}
rCold  + . .     Clarity  .     a - +0 robe
rNeg   + + +     SustAt   +     (no shield)
rPois  ∞         Gourm    .     p - +0 helmet
rElec  .         Spirit   .     k - +0 cloak
rCorr  .         Warding  .     l - +0 pair of gloves
rMut   .         Stasis   .     (no boots)
MR     .....                    (no amulet)
Stlth  ++........               (no ring)
                                q - ring of sustain attributes

@: not resistant to hostile enchantments, unstealthy
A: no food or potions, fire vulnerability, cold resistance 1, negative energy
resistance 3, torment resistance, unbreathing
a: no special abilities


You were on level 5 of the Dungeon.
You were not hungry.

You visited 1 branch of the dungeon, and saw 5 of its levels.

You collected 158 gold pieces.

Inventory:

Hand Weapons
 d - a +0 club
 f - a +0 dagger
 h - a +3 dagger
 i - a +1 dagger of draining
 s - a -3 dagger
 v - a +0 falchion of holy wrath
 w - the +1 mace of Zin's Indignation (weapon) {speed, Str+4}
   (You found it on level 4 of the Dungeon)

   Attacks with this weapon are significantly faster.
   It affects your strength (+4).
Armour
 a - a +0 robe (worn)
 b - a +0 hat
 k - a +0 cloak (worn)
 l - a +0 pair of gloves (worn)
 n - a +0 buckler
 p - a +0 helmet (worn)
Jewellery
 q - a ring of sustain attributes (left hand)
Scrolls
 e - a scroll of remove curse
 g - a scroll of teleportation {unknown}
 j - 4 scrolls of identify {unknown}
 m - 2 scrolls of immolation {unknown}
 o - a scroll of fog {unknown}
 t - a scroll of enchant weapon {unknown}
 u - a scroll of fear {unknown}
Books
 c - a book of Minor Magic

   Spells                             Type                      Level
   a - Magic Dart                     Conjuration                  1
   b - Blink                          Translocation                2
   c - Call Imp                       Summoning                    2
   d - Repel Missiles                 Charms/Air                   2
   e - Slow                           Hexes                        2
   f - Conjure Flame                  Conjuration/Fire             3
   g - Mephitic Cloud                 Conjuration/Poison/Air       3


   Skills:
 - Level 1.5 Dodging
 - Level 1.5 Stealth
 * Level 2.6 Shields
 + Level 4.5 Spellcasting
 + Level 3.3 Conjurations
 - Level 0.7 Summonings
   Level 0.7 Translocations


You had 8 spell levels left.
You knew the following spells:

 Your Spells              Type           Power        Failure   Level  Hunger
a - Magic Dart            Conj           ###.         4%          1    N/A
b - Mephitic Cloud        Conj/Pois/Air  #.......     28%         3    N/A
c - Call Imp              Summ           #.......     17%         2    N/A

Dungeon Overview and Level Annotations

Branches:
Dungeon (5/15)
 Temple: D:4-7

Altars:
Fedhas
Gozag
Nemelex Xobeh
Sif Muna
Xom
Zin


Innate Abilities, Weirdness & Mutations

You do not eat or drink.
Your flesh is vulnerable to fire.
You are immune to poison.
Your flesh is cold resistant.
You are immune to negative energy.
You are immune to unholy pain and torment.
You can survive without breathing.


Message History

The giant frog zombie hits you but does no damage.
Your crimson imp blinks!
The giant frog zombie hits you but does no damage.
The giant frog zombie barely misses you.
The giant frog zombie barely misses you.
The giant frog zombie hits you but does no damage.
The giant frog zombie closely misses you.
The giant frog zombie hits you but does no damage.
The giant frog zombie hits you.
* * * LOW HITPOINT WARNING * * *
The giant frog zombie misses you.
You see here 14 gold pieces.
The giant frog zombie hits you.
* * * LOW HITPOINT WARNING * * *
The giant frog zombie hits you.
* * * LOW HITPOINT WARNING * * *
The giant frog zombie hits you.
* * * LOW HITPOINT WARNING * * *
The giant frog zombie hits you.
You die...

#<# #.# #.# #.## ######### #...
#.......# #### ##+#######
#.......#
##........###.......#######
#..............@Z.........#
.#............###########.##
...............# #..#.#
.......#.......# #..#.#
.......#.......# #..#.#######
.......#######.#######..#$##.....
.............#.#........#.##.####
..#...#......#.5.......##.##.# .
#... ...?...........)##.##.#


You could see a giant frog zombie.

Vanquished Creatures
  A phantom (D:5)
  A giant frog (D:4)
  2 worker ants (D:4)
  Robin (D:3)
  5 adders
  An adder skeleton (D:5)
  5 worms
  2 giant geckos
  2 ball pythons
  6 bats
  21 goblins
  17 hobgoblins
  3 jackals (D:2)
  2 quokkas (D:2)
  2 giant cockroaches
  A giant gecko skeleton (D:4)
  3 giant newts
  16 kobolds
  7 rats
98 creatures vanquished.

Notes
Turn   | Place    | Note
--------------------------------------------------------------
     0 | D:1      | Mechanique the Mummy Wizard began the quest for the Orb.
     0 | D:1      | Reached XP level 1. HP: 13/13 MP: 4/4
    28 | D:1      | Reached skill level 1 in Conjurations
   368 | D:1      | Reached XP level 2. HP: 19/19 MP: 3/6
  1544 | D:2      | Reached XP level 3. HP: 12/24 MP: 0/8
  2238 | D:2      | Found a sparkling altar of Nemelex Xobeh.
  2526 | D:2      | Reached XP level 4. HP: 30/30 MP: 3/9
  3198 | D:3      | Noticed Robin
  3592 | D:3      | Killed Robin
  3901 | D:3      | Found an opulent altar of Gozag.
  3901 | D:3      | Found a deep blue altar of Sif Muna.
  3923 | D:3      | Reached skill level 4 in Spellcasting
  4075 | D:3      | Found a blossoming altar of Fedhas.
  4102 | D:3      | Reached skill level 1 in Shields
  4387 | D:3      | Reached XP level 5. HP: 31/35 MP: 4/11
  4841 | D:4      | Noticed an angel
  4936 | D:4      | Found a glowing silver altar of Zin.
  4936 | D:4      | Found a shimmering altar of Xom.
  5209 | D:4      | Learned a level 3 spell: Mephitic Cloud
  5228 | D:4      | Got an encrusted mace
  5231 | D:4      | Identified the +1 mace of Zin's Indignation {speed, Str+4} (You found it on level 4 of the Dungeon)
  5333 | D:4      | Reached XP level 6. HP: 14/41 MP: 0/12
  5778 | D:5      | Entered Level 5 of the Dungeon
  5962 | D:5      | HP: 1/41 [phantom (8)]
  6559 | D:4      | Learned a level 2 spell: Call Imp
  6904 | D:5      | HP: 2/41 [giant frog zombie (3)]
  6908 | D:5      | Slain by a giant frog zombie

Action                   |  1- 3 |  4- 6 || total
-------------------------+-------+-------++-------
Melee: Dagger            |    24 |    20 ||    44
       Mace              |       |    37 ||    37
 Cast: Magic Dart        |   115 |   222 ||   337
       Call Imp          |       |     7 ||     7
  Use: Scroll            |       |     2 ||     2
